[Event "*** Titled Tuesday 3|2 Blitz (Early)"]
[Site "Chess.com"]
[Date "2017.01.03"]
[Round "4"]
[White "Divertissement"]
[Black "Maitreia"]
[Result "1-0"]
[WhiteElo "2449"]
[BlackElo "2469"]
[TimeControl "180+2"]
[EndTime "11:51:01 PST"]
[Termination "Divertissement won by resignation"]

1. c4 Nf6 2. Nc3 g6 3. e4 c5 4. g3 Nc6 5. Bg2 Bg7 6. Nge2 O-O 7. O-O d6 8. a3 Bg4 9. h3 Bxe2 10. Nxe2 Ne8 11. Rb1 a5 12. d3 Nc7 13. Be3 Ne6 14.
f4 Rb8 15. a4 Ned4 16. Nc3 e6 17. Nb5 Nxb5 18. axb5 Bd4 19. Bxd4 Nxd4 20. Qg4 Qe7 21. Rbe1 Rbe8 22. e5 b6 23. Be4 Kh8 24. Kg2 f5 25. exf6 Qxf6 26. h4 Kg7 27. h5 Nf5 28. Re2 Nd4 29.
Ref2 Nf5 30. Re2 Nd4 31. Ref2 Nf5 32. Re1 Qd4 33. Rfe2 Nh6 34. Qh3 Qf6 35. hxg6 hxg6 36. Bc6 Re7 37. Rxe6 Qxb2+ 38. Kf1 Rxe6 39. Qxe6 Nf5 40.
Kg1 Nxg3 41. Qxd6 Ne2+ 42. Kf1 Ng3+ 43. Kg1 Ne2+ 44. Kf1 Nxf4 45. Re7+ Kh6 46. Rh7+ Kxh7 47. Qxf8 Qe2+ 48. Kg1 Qe3+ 49. Kf1 Qxd3+ 50. Kf2 Qd4+ 51. Kf3 Nh5 52. Qb8 Qd3+ 53. Kf2 Qd2+ 54. Kf3 Qc3+ 55. Kf2 Qd4+ 56. Kf3 Qf6+ 57. Ke3 Qg5+ 58. Kf3 Qf5+ 59. Ke3 Qe5+ 60. Qxe5 1-0

[Event "*** Titled Tuesday 3|2 Blitz (Early)"]
[Site "Chess.com"]
[Date "2017.01.03"]
[Round "4"]
[White "jup1978"]
[Black "MFBerna"]
[Result "1-0"]
[WhiteElo "2249"]
[BlackElo "2199"]
[TimeControl "180+2"]
[EndTime "11:51:06 PST"]
[Termination "jup1978 won by resignation"]

1. e4 e5 2. Nf3 Nc6 3. Bb5 a6 4.
Ba4 Nf6 5. d3 b5 6. Bb3 Be7 7.
O-O O-O 8. a4 b4 9. a5 d6 10.
Nbd2 Be6 11. Nc4 Rb8 12. h3 h6 13. Re1 Nd7 14. Ba4 Bxc4 15. dxc4 Na7 16. Be3 Rb7 17. Qd2 Bf6 18. Bxa7 Rxa7 19. Bxd7 Qxd7 20. Qxb4 Qc6 21. b3 Rb7 22. Qa4 Qc5 23. Rad1 c6 24. Rd3 Be7 25.
Red1 g6 26. Nd2 f5 27. Qa1 Bh4 28. Rf1 Rbf7 29. g3 Bg5 30. Qd1 Bxd2 31. Qxd2 fxe4 32.
Rxd6 e3 33. Rxg6+ Kh7 34. Qd3 e4 35. Qxe4 exf2+ 36. Kg2 Qf5 37. Qxf5 Rxf5 38. Rxc6 Rxa5 39. Rxf2 Rxf2+ 40. Kxf2 Ra2 41. Kf3 Rxc2 42. Kg4 Rc3 43. Rb6 a5 44. h4 a4 45. Rb7+ Kg8 46. bxa4 Rxc4+ 47. Kh5 Rxa4 48. Kxh6 Rg4 49. Rb3 Kf7 50. Kh5 Ra4 51. g4 Rc4 52. g5 Ra4 53. Rb7+ Kg8 54. Kg6 Ra6+ 55. Kh5 Ra4 56. Re7 Rb4 57. Kg6 Rb6+ 58.
Kf5 Rb5+ 59. Re5 Rb1 60. h5 Rf1+ 61. Kg6 Kf8 62. Rf5+ 1-0

[Event "*** Titled Tuesday 3|2 Blitz (Early)"]
[Site "Chess.com"]
[Date "2017.01.03"]
[Round "4"]
[White "iturrizaga"]
[Black "BillieKimbah"]
[Result "1-0"]
[WhiteElo "2644"]
[BlackElo "2585"]
[TimeControl "180+2"]
[EndTime "11:51:16 PST"]
[Termination "iturrizaga won by resignation"]

1. Nf3 Nf6 2. c4 c5 3. Nc3 Nc6 4. d4 cxd4 5. Nxd4 e6 6. a3 Bc5 7.
Nb3 Bb6 8. Bf4 d5 9. e3 O-O 10. Qc2 Qe7 11. Rd1 Rd8 12. Be2 h6 13.
O-O e5 14. Bg3 d4 15. exd4 exd4 16. Na4 Bc7 17. Rfe1 Bxg3 18. hxg3 Qc7 19. Bf3 Bg4 20. Bxg4 Nxg4 21. Re4 Nf6 22. Rf4 Rd6 23. Nac5 Re8 24.
Nd3 Rdd8 25. Nd2 Re2 26. Nc1 d3 27. Qc3 Re7 28. Nf3 Ne4 29. Qb3 g5 30. Rf5 g4 31.
Rd5 gxf3 32. Qxd3 Rde8 33. Qxf3 Ng5 34. Qh5 Re1+ 35. Kh2 Kg7 36. Rd6 R1e6 37. c5 Rxd6 38. Rxd6 Re6 39. Rd1 Qe7 40. Nd3 Ne4 41. Nf4 Re5 42.
Qf3 Nf6 43. b4 h5 44. Rd6 Rf5 45. Qc3 Ne5 46. f3 Kg8 47. Qd4 h4 48. gxh4 Nc6 49. Qd2 Qe5 50. g3 Nh5 51. Rd5 Qg7 52. Nxh5 Rxd5 53. Qxd5 Qb2+ 54. Kh3 Qc1 55. Qg5+ Qxg5 56. hxg5 Nd4 57. f4 Nc2 58. Nf6+ Kg7 59. Ne8+ Kf8 60.
Nd6 b6 61. c6 Nxa3 62. c7 1-0

[Event "*** Titled Tuesday 3|2 Blitz (Early)"]
[Site "Chess.com"]
[Date "2017.01.03"]
[Round "4"]
[White "Egorov_Pavel"]
[Black "IIIlllII1llIl"]
[Result "1-0"]
[WhiteElo "2307"]
[BlackElo "2455"]
[TimeControl "180+2"]
[EndTime "11:51:20 PST"]
[Termination "Egorov_Pavel won by resignation"]

1. d4 c5 2. d5 e6 3. c4 exd5 4. cxd5 d6 5. Nc3 g6 6. e4 Bg7 7. h3 a6 8. a4 Ne7 9. Nf3 O-O 10. Bd3 Nd7 11. O-O f5 12. Bg5 f4 13.
Re1 Ne5 14. Nxe5 Bxe5 15. f3 Rf7 16. Re2 b6 17. Qe1 Qc7 18. Qh4 Kg7 19. Rc2 Ng8 20. Ne2 h6 21. Bxf4 Rxf4 22. Nxf4 g5 23. Nh5+ Kg6 24.
Qe1 Kxh5 25. g3 Qf7 26. f4 gxf4 27. gxf4 Qxf4 28. Rg2 Qg5 29. Rxg5+ hxg5 30. Be2+ Kg6 31. Bg4 Bxg4 32. hxg4 Ra7 33. Qe2 Nf6 34. Rf1 Re7 35. Qxa6 Bd4+ 36. Kg2 Nxe4 37. Qxb6 Be5 38. Qd8 Bf6 39.
Qg8+ Bg7 40. a5 Nd2 41. a6 Nxf1 42. Kxf1 Rf7+ 43. Ke2 c4 44. Qb8 Bd4 45. Qxd6+ Rf6 46. Qd7 Rf2+ 47. Kd1 Rf1+ 48. Kc2 Rf2+ 49. Kc1 Bxb2+ 50.
Kb1 Bd4 51. Qc6+ Kg7 52. Qxc4 Be3 53. Qc3+ 1-0

[Event "*** Titled Tuesday 3|2 Blitz (Early)"]
[Site "Chess.com"]
[Date "2017.01.03"]
[Round "4"]
[White "Holden-Caulfield"]
[Black "Malev212"]
[Result "0-1"]
[WhiteElo "2439"]
[BlackElo "2410"]
[TimeControl "180+2"]
[EndTime "11:51:22 PST"]
[Termination "Malev212 won by resignation"]

1. d4 Nf6 2. Nf3 e6 3. Bg5 h6 4.
Bxf6 Qxf6 5. Nbd2 d6 6. c3 g6 7. e3 Bg7 8. Bd3 Qe7 9. Qe2 Nd7 10. O-O O-O 11. Rfe1 a6 12. e4 b6 13. Rad1 Bb7 14. Nf1 c5 15. Ng3 b5 16. a3 Rac8 17. h4 cxd4 18.
cxd4 Qf6 19. h5 g5 20. Bb1 Qf4 21. Qd3 Rfd8 22. Ne2 Qf6 23. Ng3 g4 24. Nh2 Qg5 25. Qe2 Nf6 26. e5 dxe5 27. dxe5 Rxd1 28. Rxd1 Nd5 29.
Qxg4 Bxe5 30. Qxg5+ hxg5 31. Ne4 Nf4 32. Ng4 Bxb2 33.
Nxg5 Bxg2 34. h6 Nh3+ 35. Kxg2 Nxg5 36. f4 Nh7 37. Rd7 Nf6 38. Nxf6+ Bxf6 39. h7+ Kg7 40. Ra7 Bd4 41. Rxa6 Rb8 42. Kf3 Bb2 43. Bd3 f5 44.
Rxe6 Kxh7 45. Bxf5+ Kg7 46. Ra6 Bc1 47. Rc6 Bxa3 48. Rc7+ Kf6 49. Bc2 Bd6 50. Rc6 Ke7 51. f5 Kd7 52. Ra6 Rc8 53. Be4 Rc3+ 54. Ke2 b4 55.
Bd5 Kc7 56. f6 b3 57. Ra7+ Kb6 58. Rb7+ Kc5 59. Bxb3 Kc6 60. Ra7 Rxb3 61. f7 Rb8 62. Kf3 Kd5 63. Ra5+ Ke6 64. f8=Q Rxf8+ 65. Ke4 Rf4+ 66.
Ke3 Rh4 67. Ra6 Kd5 68. Kf3 Rh3+ 69. Kg2 Rb3 70. Ra4 Be5 71. Kf2 Ke6 72. Ke2 Kf5 73. Ra7 Ke4 74. Re7 Rb2+ 75. Kd1 Rh2 76. Ke1 Kf4 77. Kd1 Bd4 78. Rf7+ Ke4 79. Re7+ Kd3 80. Re1 Ra2 0-1

[Event "*** Titled Tuesday 3|2 Blitz (Early)"]
[Site "Chess.com"]
[Date "2017.01.03"]
[Round "4"]
[White "bugsbunny444"]
[Black "VMikhalevski"]
[Result "0-1"]
[WhiteElo "2359"]
[BlackElo "2477"]
[TimeControl "180+2"]
[EndTime "11:51:34 PST"]
[Termination "VMikhalevski won by checkmate"]

1. Nf3 Nf6 2. c4 g6 3. b4 d6 4. Bb2 Bg7 5. g3 O-O 6. Bg2 e5 7.
O-O a5 8. b5 h6 9. d3 Be6 10.
Nc3 Nbd7 11. Nd2 Qc8 12. Rb1 Nc5 13. Ba3 Re8 14. Bxc5 dxc5 15. Nde4 Nd7 16. Na4 Bf8 17.
e3 Kg7 18. Qd2 f5 19. Nec3 Nf6 20. Qb2 Rd8 21. Rbd1 Rb8 22. Nd5 Bxd5 23. cxd5 Bd6 24. b6 Nd7 25. Rb1 Re8 26. Rfc1 Kh7 27. Qb5 Qd8 28.
e4 f4 29. bxc7 Qxc7 30. Bh3 Nf8 31. Nxc5 Qe7 32. Nxb7 Bb4 33. a3 Rxb7 34. Qc6 Reb8 35. axb4 axb4 36. d6 Qd8 37. Bc8 Rb6 38. Qc7+ Qxc7 39.
Rxc7+ Kg8 40. d7 Rd6 41. Rc4 b3 42. Rc3 b2 43. Rc2 Rxd3 44. gxf4 exf4 45. Rbxb2 Rxb2 46. Rxb2 Nxd7 47. Kg2 Ne5 48. Be6+ Kg7 49. Rb6 Nf3 50.
Bd5 Nh4+ 51. Kf1 Rd2 52. Ke1 Nf3+ 53. Kf1 Nxh2+ 54. Ke1 Nf3+ 55. Kf1 g5 56. Be6 h5 57. Bf5 g4 58. Rg6+ Kf7 59. Rh6 g3 60. fxg3 fxg3 61. Bh3 Rf2# 0-1

[Event "*** Titled Tuesday 3|2 Blitz (Early)"]
[Site "Chess.com"]
[Date "2017.01.03"]
[Round "4"]
[White "underdogchss"]
[Black "Makalexa"]
[Result "1-0"]
[WhiteElo "2300"]
[BlackElo "2168"]
[TimeControl "180+2"]
[EndTime "11:52:31 PST"]
[Termination "underdogchss won on time"]

1. d4 Nf6 2. Nf3 g6 3. c4 Bg7 4. Nc3 d6 5. e4 O-O 6. Be2 e5 7. Be3 Nc6 8. d5 Ne7 9. Nd2 c6 10. O-O cxd5 11. cxd5 Bd7 12. a4 Ne8 13. Qb3 Rb8 14. Bxa7 Rc8 15. Bb6 Nc7 16. Nc4 Be8 17. Qb4 Qd7 18. Qxd6 Na8 19. Bc5 Rxc5 20. Qxc5 f5 21. h3 f4 22. Bg4 Qd8 23. Be6+ Kh8 24. d6 Nc6 25. Rad1 f3 26. Qe3 Nd4 27. Nxe5 Bxe5 28.
Rxd4 Qf6 29. d7 Bxd4 30. dxe8=Q Bxe3 31. Qd7 fxg2 32. Kxg2 Qg5+ 33. Bg4 Bf4 34. Qd4+ Be5 35. Qe3 Qf6 36. f3 h5 37. Bd7 Kh7 38. Bb5 Bf4 39. Qf2 Qg5+ 40. Kh1 Be3 41. Qg2 Qh4 42. Rd1 Nb6 43.
a5 Nc8 44. Rd7+ Ne7 45. Rd1 Kh6 46. Ne2 Qf6 47. Rf1 Qxb2 48. Bd7 Qe5 49. f4 Bxf4 50. Qf3 g5 51. Ba4 Ng6 52. Bd1 Bh2 53. Qg2 Rxf1+ 54. Qxf1 Bf4 55. Qf3 Nh4 56. Qd3 g4 57. hxg4 hxg4 58. Nd4 Kg5 59. Kg1 Bh2+ 60. Kh1 g3 61.
Qe3+ Kf6 62. Bf3 Ng6 63. Bg2 Qh5 64. Qe1 Bg1+ 65. Kxg1 Qh2+ 66. Kf1 Nf4 67. e5+ Ke7 68. Qd2 Nh3 69. Nf3 Qxg2+ 70. Qxg2 Nf4 71. Qxg3 Ke6 72. Qxf4 Kd5 73. Qd4+ Ke6 74. Nh4 1-0

[Event "*** Titled Tuesday 3|2 Blitz (Early)"]
[Site "Chess.com"]
[Date "2017.01.03"]
[Round "5"]
[White "SwiftyMcBishop"]
[Black "saraswathii"]
[Result "1-0"]
[WhiteElo "2119"]
[BlackElo "1601"]
[TimeControl "180+2"]
[EndTime "11:56:34 PST"]
[Termination "SwiftyMcBishop won by resignation"]

1. e4 c5 2. Nf3 e6 3. c3 Nf6 4. e5 Nd5 5. d4 cxd4 6. cxd4 Nc6 7. Bc4 Nb6 8. Bb3 d6 9. Qe2 dxe5 10. dxe5 Bb4+ 11. Nc3 O-O 12. O-O Nd4 13. Nxd4 Qxd4 14. Rd1 Qh4 15. Be3 Bxc3 16. bxc3 Qe7 17. Rd6 Nd7 18. f4 b6 19. Rad1 Nc5 20. Bc2 Ba6 21. Qh5 g6 22. Qh6 Rad8 23. Bxc5 1-0

[Event "*** Titled Tuesday 3|2 Blitz (Early)"]
[Site "Chess.com"]
[Date "2017.01.03"]
[Round "5"]
[White "Andrejkin"]
[Black "SidArun"]
[Result "1/2-1/2"]
[WhiteElo "2187"]
[BlackElo "2053"]
[TimeControl "180+2"]
[EndTime "11:56:55 PST"]
[Termination "Game drawn by repetition"]

1. e4 c6 2. d4 d5 3. Nc3 dxe4 4.
Nxe4 Bf5 5. Ng3 Bg6 6. h4 h6 7. Nf3 Nd7 8. h5 Bh7 9. Bd3 Bxd3 10. Qxd3 e6 11. Bd2 Ngf6 12. O-O-O Be7 13. Kb1 Qb6 14.
Ne4 Nxe4 15. Qxe4 Nf6 16. Qe2 O-O-O 17. c4 c5 18. Bc3 Rhf8 19. d5 exd5 20. cxd5 Nxd5 21.
Qc4 Qc6 22. Bxg7 Rg8 23. Qg4+ Qe6 24. Qxe6+ fxe6 25. Bxh6 Rxg2 26. Rhe1 Kd7 27. Ne5+ Kc7 28. Nf7 Rd7 29. Ne5 Rd8 30. Nf7 Rd7 31. Ne5 Rd8 32. Nf7 1/2-1/2

[Event "*** Titled Tuesday 3|2 Blitz (Early)"]
[Site "Chess.com"]
[Date "2017.01.03"]
[Round "5"]
[White "lionheart95"]
[Black "ChessWarrior7197"]
[Result "1-0"]
[WhiteElo "2435"]
[BlackElo "2499"]
[TimeControl "180+2"]
[EndTime "11:57:07 PST"]
[Termination "lionheart95 won by resignation"]

1. e4 e5 2. Nf3 Nc6 3. Bb5 a6 4.
Bxc6 dxc6 5. O-O f6 6. d4 exd4 7. Nxd4 c5 8. Nb3 Qxd1 9. Rxd1 Bg4 10. f3 Bd7 11. Nc3 O-O-O 12. Bf4 c4 13. Na5 Bc5+ 14.
Kf1 Bb4 15. Bxc7 Kxc7 16. Nd5+ Kc8 17. Nxb4 Bb5 18. Rxd8+ Kxd8 19. a4 Be8 20. Nxb7+ Kc7 21. Nc5 a5 22. Nd5+ Kc6 23. Ne6 Bf7 24. Nd8+ 1-0

[Event "*** Titled Tuesday 3|2 Blitz (Early)"]
[Site "Chess.com"]
[Date "2017.01.03"]
[Round "5"]
[White "Anton_Demchenko"]
[Black "Divertissement"]
[Result "1-0"]
[WhiteElo "2634"]
[BlackElo "2445"]
[TimeControl "180+2"]
[EndTime "11:57:45 PST"]
[Termination "Anton_Demchenko won by checkmate"]

1. e4 c5 2. Nf3 e6 3. d4 cxd4 4. Nxd4 Nc6 5. Nc3 Qc7 6. Be3 Nf6 7. Qf3 Ne5 8. Qg3 h5 9. Ndb5 Qb8 10. Bf4 d6 11. O-O-O h4 12. Qe3 a6 13. Bxe5 dxe5 14. Qb6 axb5 15. Qd8# 1-0

[Event "*** Titled Tuesday 3|2 Blitz (Early)"]
[Site "Chess.com"]
[Date "2017.01.03"]
[Round "5"]
[White "Makalexa"]
[Black "Jahonas"]
[Result "1-0"]
[WhiteElo "2177"]
[BlackElo "2128"]
[TimeControl "180+2"]
[EndTime "11:57:48 PST"]
[Termination "Makalexa won by resignation"]

1. e4 c5 2. Nf3 d6 3. d4 cxd4 4.
Nxd4 Nf6 5. Nc3 a6 6. Bg5 e6 7. f4 Be7 8. Qf3 Qc7 9. O-O-O Nbd7 10. g4 h6 11. Bxf6 Nxf6 12. g5 hxg5 13. fxg5 Nd7 14. Kb1 Bxg5 15. h4 Ne5 16. Qg3 Bf6 17. h5 Bd7 18. h6 gxh6 19. Rxh6 Rxh6 20. Qg8+ Ke7 21. Nf5+ exf5 22. Nd5+ Ke6 23. Nxc7+ Ke7 24. Nd5+ 1-0

[Event "*** Titled Tuesday 3|2 Blitz (Early)"]
[Site "Chess.com"]
[Date "2017.01.03"]
[Round "5"]
[White "platy3"]
[Black "aspired"]
[Result "1-0"]
[WhiteElo "2622"]
[BlackElo "2380"]
[TimeControl "180+2"]
[EndTime "11:57:56 PST"]
[Termination "platy3 won by resignation"]

1. e4 e5 2. Nf3 Nc6 3. Bb5 Nf6 4.
d3 Bd6 5. O-O O-O 6. Nbd2 a6 7.
Bxc6 dxc6 8. Nc4 Re8 9. b3 Nd7 10. Bb2 f6 11. Ne3 c5 12. Nh4 Nb8 13. Nhf5 Nc6 14.
g3 Nd4 15. Bxd4 cxd4 16. Nc4 Bf8 17. f4 Bxf5 18. exf5 e4 19. dxe4 Rxe4 20. Qf3 Qe7 21. Ne5 Rxe5 22. fxe5 Qxe5 23. Qxb7 Rd8 24. Qc6 d3 25.
cxd3 Bc5+ 26. Kh1 Rd6 27. Qe4 1-0

[Event "*** Titled Tuesday 3|2 Blitz (Early)"]
[Site "Chess.com"]
[Date "2017.01.03"]
[Round "5"]
[White "MFBerna"]
[Black "RitvarsReimanis"]
[Result "0-1"]
[WhiteElo "2196"]
[BlackElo "2441"]
[TimeControl "180+2"]
[EndTime "11:57:58 PST"]
[Termination "RitvarsReimanis won by resignation"]

1. e4 c5 2. Nf3 Nc6 3. d4 cxd4 4.
Nxd4 Nf6 5. Nc3 d6 6. Be3 e5 7. Nf3 Be7 8. Bc4 O-O 9. h3 Na5 10. Bd3 Be6 11. O-O Nc4 12. Bc1 Rc8 13. Ng5 Nb6 14.
f4 Bc4 15. Nf3 exf4 16. Bxf4 d5 17. e5 Ne4 18. Nxe4 dxe4 19. Bxe4 Bxf1 20. Qxf1 Nd5 21. Rd1 Qb6+ 22. Kh2 Nxf4 23. Rd7 Rc7 0-1

[Event "*** Titled Tuesday 3|2 Blitz (Early)"]
[Site "Chess.com"]
[Date "2017.01.03"]
[Round "5"]
[White "gumersindo"]
[Black "RobertoJBM"]
[Result "0-1"]
[WhiteElo "2354"]
[BlackElo "2492"]
[TimeControl "180+2"]
[EndTime "11:58:06 PST"]
[Termination "RobertoJBM won by resignation"]

1. d4 c6 2. c4 d5 3. Nf3 Nf6 4. Nc3 dxc4 5. a4 Bf5 6. Ne5 Nbd7 7.
Nxc4 a5 8. f3 Nb6 9. Ne5 Nfd7 10. Nxd7 Nxd7 11. e4 Bg6 12. Be3 Qb6 13. Qd2 e5 14.
O-O-O O-O-O 15. g3 exd4 16. Bxd4 Bc5 17. Bh3 Bxd4 18.
Qxd4 Qxd4 19. Rxd4 Kc7 20. Bxd7 Rxd7 21. Rhd1 Rxd4 22.
Rxd4 f6 23. Kd2 h5 24. Ke3 Re8 25. h4 Bf7 26. Rd2 Bc4 27. Rd4 Bb3 28. Kf4 Re5 29. g4 hxg4 30. fxg4 b5 31. axb5 cxb5 32. g5 b4 33.
Nd5+ Bxd5 34. Rxd5 Rxd5 35. exd5 fxg5+ 36. Kxg5 a4 37. Kg6 a3 38. bxa3 bxa3 39. Kxg7 a2 40. h5 a1=Q+ 41.
Kg8 Qg1+ 0-1

[Event "*** Titled Tuesday 3|2 Blitz (Early)"]
[Site "Chess.com"]
[Date "2017.01.03"]
[Round "5"]
[White "OparinGrigoriy"]
[Black "biostatistician"]
[Result "1-0"]
[WhiteElo "2577"]
[BlackElo "2434"]
[TimeControl "180+2"]
[EndTime "11:58:09 PST"]
[Termination "OparinGrigoriy won by checkmate"]

1. Nf3 Nf6 2. g3 g6 3. Bg2 Bg7 4. c4 O-O 5. Nc3 b6 6. O-O Bb7 7. d4 Ne4 8. Nxe4 Bxe4 9. Bg5 c5 10.
dxc5 Bxb2 11. Qd2 Bxa1 12. Rxa1 bxc5 13. Qe3 Bc6 14. Bxe7 Qc8 15. Bxc5 Re8 16. Qg5 Qd8 17. Qf4 Re4 18. Qh6 f6 19. Nd4 Re8 20. Nxc6 dxc6 21. e3 Qd7 22. Qf4 Kg7 23. Bd4 Qe6 24. Bh3 Qf7 25. Rb1 Na6 26. Rb7 Qxb7 27. Qxf6+ Kg8 28. Qh8+ Kf7 29. Qg7# 1-0

[Event "*** Titled Tuesday 3|2 Blitz (Early)"]
[Site "Chess.com"]
[Date "2017.01.03"]
[Round "5"]
[White "FrankieJay"]
[Black "Lupul_Cenusiu"]
[Result "0-1"]
[WhiteElo "2276"]
[BlackElo "2460"]
[TimeControl "180+2"]
[EndTime "11:58:19 PST"]
[Termination "Lupul_Cenusiu won by resignation"]

1. e4 c5 2. Nf3 e6 3. d4 cxd4 4.
Nxd4 a6 5. c4 Nf6 6. Nc3 Bb4 7.
Qd3 Nc6 8. a3 Bd6 9. Nxc6 dxc6 10. f4 e5 11. f5 Bc5 12. Qg3 g6 13. Qxe5+ Qe7 14. Qxe7+ Bxe7 15. e5 Ng4 16. f6 Bc5 17. Ne4 Bf8 18. Bf4 Bf5 19. Nf2 O-O-O 20. Rd1 Bc5 21.
Nxg4 Bxg4 22. Be2 Bf5 23. b4 Bd4 24. Bf3 Rhe8 25. Ke2 Bxe5 26. Rxd8+ Kxd8 27. Rd1+ Kc7 28. Ke3 Bd6+ 0-1

[Event "*** Titled Tuesday 3|2 Blitz (Early)"]
[Site "Chess.com"]
[Date "2017.01.03"]
[Round "5"]
[White "ABDELAZEEZ-M"]
[Black "sorito"]
[Result "1-0"]
[WhiteElo "2041"]
[BlackElo "2288"]
[TimeControl "180+2"]
[EndTime "11:58:24 PST"]
[Termination "ABDELAZEEZ-M won by resignation"]

1. e4 e6 2. d4 d5 3. exd5 exd5 4. Bd3 Bd6 5. Nf3 Ne7 6. O-O Nbc6 7. c3 Bg4 8. Re1 Qd7 9. b4 O-O-O 10. a4 f6 11. a5 g5 12. b5 Nb8 13. b6 a6 14.
bxc7 Qxc7 15. Nbd2 Bxh2+ 16. Kh1 Bd6 17. c4 Bb4 18. Ba3 Bxf3 19. gxf3 Bxa3 20. Rxa3 Nbc6 21. cxd5 Nxd5 22. Be4 Qf4 23. Nc4 Qh4+ 24. Kg1 Nf4 25. Bf5+ Kb8 26. Nb6 Nxd4 27. Bd7 Nfe2+ 28. Rxe2 Nxf3+ 29. Rxf3 1-0

[Event "*** Titled Tuesday 3|2 Blitz (Early)"]
[Site "Chess.com"]
[Date "2017.01.03"]
[Round "5"]
[White "alturas_pacificas"]
[Black "kleinebeer98"]
[Result "0-1"]
[WhiteElo "2018"]
[BlackElo "1707"]
[TimeControl "180+2"]
[EndTime "11:58:28 PST"]
[Termination "kleinebeer98 won by checkmate"]

1. d4 Nf6 2. Bf4 e6 3. e3 c5 4. c3 Nc6 5. Nd2 d5 6. Ngf3 Bd6 7. Bg3 O-O 8. Ne5 Bxe5 9. dxe5 Nd7 10. f4 f6 11. exf6 Nxf6 12. Bd3 e5 13. fxe5 Ng4 14. Nf3 Nxe3 15. Qe2 d4 16. Bh4 Qa5 17. Ng5 Bg4 18. Bxh7+ Kh8 19. Qd2 dxc3 20. bxc3 Nxg2+ 21. Qxg2 Qxc3+ 22. Qd2 Qxa1+ 23. Qd1 Qxd1# 0-1

[Event "*** Titled Tuesday 3|2 Blitz (Early)"]
[Site "Chess.com"]
[Date "2017.01.03"]
[Round "5"]
[White "VMikhalevski"]
[Black "pedromartinez91"]
[Result "1-0"]
[WhiteElo "2484"]
[BlackElo "2329"]
[TimeControl "180+2"]
[EndTime "11:58:35 PST"]
[Termination "VMikhalevski won by resignation"]

1. Nf3 d5 2. g3 e6 3. Bg2 Nf6 4. O-O Be7 5. c4 O-O 6. b3 b6 7. Bb2 Bb7 8. Nc3 d4 9. Nb5 c5 10. e3 a6 11. Na3 dxe3 12. fxe3 Nc6 13. d4 Nb4 14. Nc2 Nxc2 15. Qxc2 Be4 16. Qe2 Qc7 17. Ne5 Bxg2 18. Qxg2 Nd7 19. Nc6 Bf6 20. Rad1 Rac8 21. d5 Bxb2 22. Ne7+ Kh8 23. Nxc8 Qe5 24. dxe6 Qxe3+ 25. Kh1 Qxe6 26. Rd6 Qe5 27. Rxd7 Rxc8 28.
Rdxf7 h6 29. Rf8+ Rxf8 30. Rxf8+ Kh7 31. Qc2+ g6 32. Rf7+ Kh8 33. Qxg6 Qe4+ 34. Qxe4 1-0

[Event "*** Titled Tuesday 3|2 Blitz (Early)"]
[Site "Chess.com"]
[Date "2017.01.03"]
[Round "5"]
[White "1e41-0"]
[Black "Holden-Caulfield"]
[Result "0-1"]
[WhiteElo "2314"]
[BlackElo "2444"]
[TimeControl "180+2"]
[EndTime "11:59:00 PST"]
[Termination "Holden-Caulfield won by resignation"]

1. d4 d6 2. e4 Nf6 3. Nc3 e5 4.
dxe5 dxe5 5. Qxd8+ Kxd8 6. Bg5 Be6 7. O-O-O+ Nd7 8. Nf3 Kc8 9. Be2 Bc5 10. Bh4 Ng4 11.
Rhf1 f6 12. h3 Nh6 13. Nd2 c6 14. Nb3 Be7 15. f3 Nf7 16. Bf2 Kc7 17. Bd3 Rhd8 18. Be3 b6 19. h4 Nd6 20. g3 Nc4 21. Bf2 a5 22. Nd2 Nd6 23. a4 Nb7 24. Bc4 Ndc5 25. Bxe6 Nxe6 26. Nc4 Bc5 27. Bxc5 Nbxc5 28. b3 Nd4 29. f4 b5 30. axb5 cxb5 31. Ne3 Nce6 32. Ned5+ Kd6 33. f5 Nc5 34. Nb6 Rab8 35. Nxb5+ Kc6 36.
Nxd4+ exd4 37. Nc4 a4 38. bxa4 Nxa4 39. Na5+ Kc5 40.
Nb3+ Kc4 41. Rd3 Nc3 42. Rf2 Rxb3 43. Rxd4+ Kxd4 44. Rd2+ Kxe4 45. Rxd8 Rb1+ 0-1

[Event "*** Titled Tuesday 3|2 Blitz (Early)"]
[Site "Chess.com"]
[Date "2017.01.03"]
[Round "5"]
[White "visa"]
[Black "Wolverine_master"]
[Result "0-1"]
[WhiteElo "2143"]
[BlackElo "2024"]
[TimeControl "180+2"]
[EndTime "11:59:08 PST"]
[Termination "Wolverine_master won on time"]

1. e4 d5 2. exd5 Qxd5 3. Nc3 Qd6 4. d4 Nf6 5. Nf3 a6 6. Ne5 Nc6 7. Nxc6 Qxc6 8. d5 Qd6 9. Be2 e6 10. Bf3 exd5 11. Nxd5 Nxd5 12. Bxd5 Qe5+ 13. Be3 Bc5 14. O-O Bxe3 15. Re1 O-O 16. Rxe3 Qxb2 17. Rb1 Qf6 18. Rf3 Qe7 19. Rbb3 Bg4 20. Rxf7 Rxf7 21. Bxf7+ Kxf7 0-1

[Event "*** Titled Tuesday 3|2 Blitz (Early)"]
[Site "Chess.com"]
[Date "2017.01.03"]
[Round "5"]
[White "Feegus"]
[Black "AdrianaNikolova"]
[Result "1-0"]
[WhiteElo "2318"]
[BlackElo "2267"]
[TimeControl "180+2"]
[EndTime "11:59:09 PST"]
[Termination "Feegus won by resignation"]

1. Nf3 d5 2. g3 Nf6 3. Bg2 e6 4. O-O Be7 5. d3 O-O 6. Nbd2 c5 7. e4 Nc6 8. e5 Nd7 9. Re1 Qc7 10. Qe2 b5 11. Nf1 b4 12. h4 Ba6 13. h5 h6 14. N1h2 Rfc8 15. Bf4 Nd4 16. Nxd4 cxd4 17. Rac1 Qa5 18. Qg4 Kh8 19. b3 Bb7 20. Qf3 Qxa2 21. Bxh6 gxh6 22. Qxf7 Rxc2 23. Rxc2 Qxc2 24. Qxe7 Bc6 25.
Qxe6 Rf8 26. Qxh6+ Kg8 27. Ng4 a5 28. Nf6+ Nxf6 29.
exf6 Rf7 30. Bxd5 1-0

[Event "*** Titled Tuesday 3|2 Blitz (Early)"]
[Site "Chess.com"]
[Date "2017.01.03"]
[Round "5"]
[White "IIIlllII1llIl"]
[Black "RamonManon0g"]
[Result "0-1"]
[WhiteElo "2433"]
[BlackElo "2281"]
[TimeControl "180+2"]
[EndTime "11:59:09 PST"]
[Termination "RamonManon0g won by resignation"]

1. b3 Nf6 2. Bb2 d5 3. e3 g6 4. c4 Bg7 5. cxd5 Qxd5 6. Nf3 O-O 7. Bc4 Qd6 8. Nc3 a6 9. a4 Nc6 10. d4 Bg4 11. h3 Bf5 12. O-O Nb4 13. Ba3 c5 14. a5 Ne4 15. Nxe4 Bxe4 16. Nd2 Bc6 17.
Qc1 cxd4 18. Rd1 dxe3 19. Nf3 exf2+ 20. Kh1 Qg3 21. Qe3 Nc2 22. Qg5 0-1

[Event "*** Titled Tuesday 3|2 Blitz (Early)"]
[Site "Chess.com"]
[Date "2017.01.03"]
[Round "5"]
[White "Dlugy"]
[Black "E-Shaposhnikov"]
[Result "1-0"]
[WhiteElo "2675"]
[BlackElo "2720"]
[TimeControl "180+2"]
[EndTime "11:59:16 PST"]
[Termination "Dlugy won by resignation"]

1. d4 Nf6 2. Bf4 b6 3. e3 Bb7 4. Nf3 g6 5. Be2 Bg7 6. O-O O-O 7. h3 d6 8. a4 a6 9. a5 b5 10. c4 bxc4 11. Bxc4 Nbd7 12. Nc3 e6 13. b4 Ne4 14. Nxe4 Bxe4 15. Qe2 Qc8 16. Rfc1 Qb7 17. b5 axb5 18.
Bxb5 c6 19. Bd3 Bxd3 20. Qxd3 e5 21. a6 Qa7 22. Bg3 Rfc8 23. dxe5 Nxe5 24. Nxe5 dxe5 25. Qd6 e4 26. Ra4 Qb6 27. Qd7 c5 28. Qb7 Qe6 29. Rxc5 Rd8 30. a7 h5 31. Bb8 Bf8 32. Qxa8 Bxc5 33.
Qxe4 1-0

[Event "*** Titled Tuesday 3|2 Blitz (Early)"]
[Site "Chess.com"]
[Date "2017.01.03"]
[Round "5"]
[White "Haykos"]
[Black "Imre91"]
[Result "0-1"]
[WhiteElo "2422"]
[BlackElo "2679"]
[TimeControl "180+2"]
[EndTime "11:59:20 PST"]
[Termination "Imre91 won by resignation"]

1. e4 e6 2. d4 d5 3. Nd2 Nc6 4.
Ngf3 Nf6 5. Bd3 Nb4 6. Bb5+ c6 7. Ba4 dxe4 8. Ng5 Qxd4 9. O-O Nbd5 10. c3 Qe5 11. Nc4 Qc7 12. Bc2 b5 13. Ne3 Bd6 14.
h3 Bb7 15. Nxe4 Nxe4 16. Bxe4 Nf6 17. Bf3 Rd8 18. Qc2 c5 19. Bxb7 Qxb7 20. c4 b4 21. Rd1 O-O 22. b3 Qe4 23. Bb2 Qxc2 24. Nxc2 Be7 25. a3 a5 26. axb4 axb4 27. Kf1 Ne4 28. Ke2 Bf6 29. Bxf6 gxf6 30. Ke3 f5 31. f3 Nc3 32. Rxd8 Rxd8 33. Ra5 e5 34. g3 e4 35. fxe4 fxe4 36. Rxc5 Rd3+ 37. Kf2 Rd2+ 38. Ke3 Rxc2 39. Rc8+ Kg7 40. Rb8 Re2+ 41. Kd4 Rd2+ 42. Kc5 e3 43.
Kxb4 e2 44. Re8 Na2+ 45. Kc5 Nc1 46. b4 Nd3+ 47. Kb5 e1=Q 48. Rxe1 Nxe1 49. c5 Nd3 50. Kc4 Nxb4 51. Kxb4 Kf6 0-1